AoeStats
← Exenity

Hideout

509470996Analyzed
1v1 RM · 6d ago on Sep 26, 2026· 45m 32s· 2 players
Game mode
Random Map
Map size
Tiny (2 player)
Population
200
Speed
Normal
Resources
Standard
Victory
Conquest
Starting age
Dark Age
Ending age
Imperial Age
RankedLock teamsTeams togetherTeam positionsShared explorationLock speedFull tech treeHidden civsTurbo modeCheats
Victory
Defeat
🇺🇸 Teutons · United States
1275
+17
🇵🇰 Franks · Pakistan
1306
-17
JohnNash
10:35 Feudal Age
9:38 Loom
16:30 Castle Age
14:48 Fletching
15:33 Double-Bit Axe
17:14 Bodkin Arrow
23:12 Town Watch
29:00 Stone Mining
31:19 Wheelbarrow
31:29 Sanctity
32:47 Scale Barding Armor
41:12 Chain Barding Armor
44:44 Light Cavalry
Exenity
6:34 Loom
8:42 Feudal Age
11:42 Town Watch
13:50 Double-Bit Axe
15:36 Fletching
17:35 Horse Collar
21:25 Wheelbarrow
24:35 Castle Age
23:05 Gold Mining
29:11 Imperial Age
29:23 Heavy Plow
29:36 Padded Archer Armor
30:54 Chemistry
31:40 Leather Archer Armor
31:41 Capped Ram
31:45 Capped Ram
40:27 Ring Archer Armor
44:13 Pikeman
Connection lost

Rejoining the realm…

Still unreachable

The connection could not be restored.

Session expired

The server has moved on; the page needs a fresh start.